 Dungeon Crawl Stone Soup version 0.27.0-65-ge2af304b15 (webtiles) character file.

Game seed: 6306849614677898172

341 zdrol the Shield-Bearer (level 6, -1/56 HPs)
             Began as a Minotaur Fighter on Aug 18, 2021.
             Slain by an ogre (4 damage)
             ... on level 4 of the Dungeon.
             The game lasted 00:15:56 (1924 turns).

zdrol the Shield-Bearer (Minotaur Fighter)          Turns: 1924, Time: 00:15:57

Health: -1/56      AC:  9    Str: 21    XL:     6   Next: 30%
Magic:  5/5        EV:  6    Int:  5    God:
Gold:   106        SH: 10    Dex: 11    Spells: 5/5 levels left

rFire    . . .     SeeInvis .   a - +0 war axe
rCold    . . .     Faith    .   c - +0 kite shield
rNeg     . . .     Spirit   .   p - +0 chain mail
rPois    .         Reflect  .   (helmet restricted)
rElec    .         Harm     .   (no cloak)
rCorr    .         Rampage  .   (no gloves)
Will     +....                  (no boots)
Stlth    ..........             g - amulet of magic regeneration
HPRegen  0.18/turn              l - ring of willpower
MPRegen  0.34/turn              (no ring)

@: mighty
A: horns 2, retaliatory headbutt
a: no special abilities


You were on level 4 of the Dungeon.
You visited 1 branch of the dungeon, and saw 4 of its levels.

You collected 106 gold pieces.

Inventory:

Hand Weapons
 a - a +0 war axe (weapon)
Armour
 c - a +0 kite shield (worn)
 p - a +0 chain mail (worn)
Jewellery
 g - an amulet of magic regeneration (around neck)
 l - a ring of willpower (left hand)
Scrolls
 b - a scroll of fog {unknown}
 e - a scroll of amnesia {unknown}
 f - 3 scrolls of teleportation {unknown}
 i - 2 scrolls of magic mapping {unknown}
 j - a scroll of immolation {unknown}
 k - a scroll of enchant weapon {unknown}
 n - a scroll of identify {unknown}
Potions
 h - a potion of brilliance {unknown}
 m - a potion of lignification {unknown}
 o - a potion of ambrosia {unknown}


   Skills:
 + Level 5.1 Fighting
 + Level 5.0 Axes
 + Level 4.8 Armour
 + Level 1.0 Dodging
 + Level 0.2 Stealth
 + Level 5.2 Shields


You had 5 spell levels left.
You didn't know any spells.
Your spell library contained the following spells:

 Spells                   Type           Power      Damage    Failure   Level
 Animate Skeleton         Necr           0%         N/A       100%        1
 Pain                     Necr           0%         1d4       100%        1
 Static Discharge         Conj/Air       0%         N/A       100%        2
 Vampiric Draining        Necr           0%         2d6       100%        3
 Dispel Undead            Necr           0%         3d6       100%        4
 Sticky Flame             Conj/Fire      0%         2d3       100%        4


Dungeon Overview and Level Annotations

Branches:
Dungeon (4/15)
 Temple: D:4-7

Altars:
Wu Jian


Innate Abilities, Weirdness & Mutations

You have a pair of horns on your head.
You reflexively headbutt those who attack you in melee.


Message History

You open the door.
You feel sick.
You feel sick.
You are no longer poisoned.
There is an open door here.
Found a stone staircase leading down.
You open the door.
A goblin comes into view. It is wielding a +0 club.
The goblin shouts!
A kobold comes into view. It is wielding a +0 dagger.
The kobold shouts!
There is an open door here.
There is an open door here.
You block the goblin's attack.
You slash the goblin!
You kill the goblin!
You hit the kobold.
You kill the kobold!
Items here: )) ††.
Found an escape hatch in the floor.
There is an escape hatch in the floor here.
An ogre comes into view. It is wielding a +0 giant club.
The ogre shouts!
The ogre barely misses you.
You slash the ogre!
The ogre is heavily wounded.
You block the ogre's attack.
You hit the ogre.
The ogre is severely wounded.
The ogre hits you with a +0 giant club!
You hit the ogre but do no damage.
The ogre is severely wounded.
The ogre hits you with a +0 giant club!!
* * * LOW HITPOINT WARNING * * *
You barely miss the ogre.
The ogre is severely wounded.
The ogre hits you with a +0 giant club!
* * * LOW HITPOINT WARNING * * *
You feel very mighty all of a sudden. The ogre hits you with a +0 giant club.
You die...

###
#.################
#...........@O...#
#>##############.#
#.# #.# #.##### #.#
#.#... ..#
#####.#.#####.######
............... ...
#####.#+#####.# #.#
#...
####'###'##########


You could see an ogre.

Vanquished Creatures
  The ghost of SkeletonJelly the Poker, an amateur DrMo (D:3)
  A scorpion (D:4)
  A hound (D:3)
  A jelly (D:3)
  Jessica (D:3)
  A howler monkey skeleton (D:2)
  6 adders
  A dart slug (D:2)
  6 orcs (D:3)
  6 bats
  2 endoplasms
  3 giant cockroaches
  3 goblins
  4 hobgoblins
  6 ball pythons
  5 frilled lizards
  4 kobolds
  A rat (D:1)
53 creatures vanquished.

Notes
Turn   | Place    | Note
-------+----------+-------------------------------------------
     0 | D:1      | zdrol the Minotaur Fighter began the quest for the Orb.
     0 | D:1      | Reached XP level 1. HP: 19/19 MP: 0/0
    34 | D:1      | Found a faded altar of an unknown god.
   134 | D:1      | Reached XP level 2. HP: 23/27 MP: 1/1
   678 | D:2      | Reached XP level 3. HP: 33/33 MP: 2/2
   795 | D:2      | Reached XP level 4. HP: 38/40 MP: 3/3
   889 | D:2      | Found an ornate altar of the Wu Jian Council.
   991 | D:2      | You fall into a shaft and drop 2 floors!
  1088 | D:3      | Noticed SkeletonJelly's ghost (amateur DrMo)
  1101 | D:3      | Found a transporter.
  1272 | D:3      | Noticed Jessica
  1280 | D:3      | Killed Jessica
  1281 | D:3      | Reached XP level 5. HP: 47/47 MP: 4/4
  1534 | D:3      | Found a transporter.
  1560 | D:3      | Reached skill level 5 in Fighting
  1576 | D:3      | Killed SkeletonJelly's ghost
  1577 | D:3      | Reached skill level 5 in Shields
  1577 | D:3      | Reached XP level 6. HP: 40/56 MP: 5/5
  1853 | D:4      | Reached skill level 5 in Axes
  1853 | D:4      | Reached skill level 1 in Dodging
  1924 | D:4      | Slain by an ogre

Illustrated notes

Levels and vault maps discovered:
D:1:      minmay_arrival_diagonal_passages, layout_rooms,
          ebering_ecumenical_altar_mist, minivault_27, minmay_pentomino_u4
D:2:      layout_rooms, basic_altar
D:3:      layout_basic, gammafunk_ghost_arena, uniq_jessica
D:4:      layout_basic

Skill      XL: |  1  2  3  4  5  6 |
---------------+-------------------+-----
Armour         | 4 |  4.8
Axes           | 3 4 5 |  5.0
Shields        | 4 5 |  5.2
Fighting       | 4 5 |  5.1
Dodging        | 1 |  1.0
Stealth        | |  0.2

Action                   |  1- 3 |  4- 6 || total
-------------------------+-------+-------++-------
Melee: War axe           |    45 |    65 ||   110
       Headbutt          |     6 |    10 ||    16
Throw: Throwing net      |       |     1 ||     1
  Use: Potion            |       |     1 ||     1
Armor: Scale mail        |    28 |     6 ||    34
       Chain mail        |       |    23 ||    23
Dodge: Dodged            |    29 |    19 ||    48
Block: Kite shield       |    28 |    36 ||    64
